 Dungeon Crawl Stone Soup version 0.28-a0-1524-ge72afd5fc6 (webtiles) character file.

Game seed: 16901667700833782068

301 flotson the Chopper (level 6, -1/47 HPs)
             Began as a Demonspawn Gladiator on Jan 17, 2022.
             Slain by Grinder (4 damage)
             ... on level 3 of the Dungeon.
             The game lasted 00:03:32 (2620 turns).

flotson the Chopper (Demonspawn Gladiator)          Turns: 2620, Time: 00:03:34

Health: -1/47      AC:  9    Str: 17    XL:     6   Next: 14%
Magic:  6/6        EV: 12    Int:  9    God:
Gold:   149        SH:  4    Dex: 18    Spells: 5/5 levels left

rFire   . . .      SeeInvis .   b - +4 falchion of Bloody Death {freeze, Dex+4}
rCold   . . .      Faith    .   (no shield)
rNeg    . . .      Spirit   .   n - +3 ring mail
rPois   .          Reflect  .   c - +0 helmet
rElec   .          Harm     .   (no cloak)
rCorr   .          Rampage  .   (no gloves)
Will    .....                   (no boots)
Stlth   +.........              (no amulet)
HPRegen 0.15/turn               (no ring)
MPRegen 0.10/turn               (no ring)

@: no status effects
A: hooves 1, spiny 1, condensation shield
a: no special abilities


You were on level 3 of the Dungeon.
You visited 1 branch of the dungeon, and saw 3 of its levels.
You also visited: Sewer.

You collected 149 gold pieces.

Inventory:

Hand Weapons
 a - a +0 war axe
 b - the +4 falchion of Bloody Death (weapon) {freeze, Dex+4}
   (You found it on level 2 of the Dungeon)

   It freezes those it strikes, dealing additional cold damage.
   It can also slow down cold-blooded creatures.
   Dex:       It affects your dexterity (+4).
Missiles
 d - 4 throwing nets (quivered)
 e - 17 poisoned darts
 r - 6 javelins
Armour
 c - a +0 helmet (worn)
 n - a +3 ring mail (worn)
Wands
 o - a wand of digging (2)
Scrolls
 f - a scroll of magic mapping {unknown}
 i - a scroll of silence {unknown}
 l - a scroll of identify {unknown}
 m - a scroll of immolation {unknown}
 p - a scroll of brand weapon {unknown}
 q - a scroll of fog {unknown}
Potions
 g - a potion of cancellation {unknown}
 h - a potion of flight {unknown}
 j - a potion of resistance {unknown}
 k - a potion of ambrosia {unknown}


   Skills:
 + Level 3.3 Fighting
 + Level 3.6 Axes
 + Level 3.0 Throwing
 + Level 2.2 Armour
 + Level 3.6 Dodging


You had 5 spell levels left.
You didn't know any spells.
Your spell library contained the following spells:

 Spells                   Type           Power      Damage    Failure   Level
 Shock                    Conj/Air       0%         1d3       58%         1
 Blink                    Tloc           0%         N/A       73%         2
 Lesser Beckoning         Tloc           0%         N/A       91%         3
 Swiftness                Air            0%         N/A       91%         3
 Airstrike                Air            0%         N/A       100%        4
 Manifold Assault         Tloc           0%         N/A       100%        5


Dungeon Overview and Level Annotations

Branches:
Dungeon (3/15)              Sewer (visited)

Altars:

Annotations:
D:3 Grinder


Innate Abilities, Weirdness & Mutations

You have large cloven feet.
You are partially covered in sharp spines.
A meltable shield of frost defends you. (SH +4)


Message History

You are poisoned.
The adder poisons you! Grinder completely misses you.
You hit the adder. You freeze the adder.
You kill the adder!
You feel sick. Grinder is struck by your spines. Grinder barely misses you.
You completely miss Grinder. You kick Grinder, but do no damage.
Grinder is heavily wounded.
You feel sick. Grinder is struck by your spines. Grinder hits you.
You are too injured to fight recklessly!
You are too injured to fight recklessly!
You are too injured to fight recklessly!
You are too injured to fight recklessly!
You are too injured to fight recklessly!
You are too injured to fight recklessly!
You are too injured to fight recklessly!
You hit Grinder but do no damage. Your kick misses Grinder.
Grinder is heavily wounded.
You feel sick. Grinder gestures at you. Pain shoots through your body!
* * * LOW HITPOINT WARNING * * *
Unknown command.
You hit Grinder.
Grinder is heavily wounded.
You feel sick.
You are no longer poisoned.
Grinder hits you but does no damage. Grinder gestures at you.
Pain shoots through your body!
* * * LOW HITPOINT WARNING * * *
Okay, then.
Unknown command.
Okay, then.
You hit Grinder.
Grinder is severely wounded.
Grinder says, "Just stop there for a second..."
Grinder hits you.
* * * LOW HITPOINT WARNING * * *
You writhe in agony.
You die...

.....#. #...# ....#. #
#...# ....#. #.#...#
...#. .#...# #... # ....
#... #.###..#########
#...
..#.....5........#####[.
.......@.####.......)<..
......†.>...........)...
.....?...##.#....#......
.........##.#....#.###..
.........##.#.##.#.#<...
.........##.#.#....#..##
.........##.#.#....#..##
.........##.#.#....#..##
....... #.#.##.#.#..##


You could see Grinder.

Vanquished Creatures
  Pargi (Sewer)
  Jessica (D:3)
  Terence (D:2)
  2 orc wizards
  A river rat (D:3)
  4 adders
  A dart slug (D:1)
  A worm (D:2)
  2 orcs
  9 bats
  2 endoplasms (D:1)
  2 giant cockroaches
  5 goblins
  8 hobgoblins
  2 jackals (D:1)
  3 quokkas
  8 ball pythons
  3 frilled lizards (D:1)
  6 kobolds
  6 rats
68 creatures vanquished.

Notes
Turn   | Place    | Note
-------+----------+-------------------------------------------
     0 | D:1      | flotson the Demonspawn Gladiator began the quest for the
                  | Orb.
     0 | D:1      | Reached XP level 1. HP: 16/16 MP: 1/1
   484 | D:1      | Gained mutation: You are partially covered in sharp spines.
                  | [demonic ancestry]
   484 | D:1      | Reached XP level 2. HP: 13/22 MP: 2/2
   724 | D:1      | You fall into a shaft and drop 1 floor!
   761 | D:2      | Reached skill level 1 in Armour
   761 | D:2      | Reached XP level 3. HP: 27/28 MP: 3/3
  1610 | D:2      | Found a faded altar of an unknown god.
  1940 | D:2      | Identified the +4 falchion of Bloody Death {freeze, Dex+4}
  2003 | D:3      | Noticed Terence
  2004 | D:3      | Noticed Jessica
  2008 | D:2      | Reached XP level 4. HP: 33/34 MP: 4/4
  2027 | D:2      | Killed Terence
  2141 | D:3      | Gained mutation: You have large cloven feet. [demonic
                  | ancestry]
  2141 | D:3      | Reached XP level 5. HP: 28/40 MP: 5/5
  2144 | D:3      | Killed Jessica
  2162 | D:3      | Found a glowing drain.
  2184 | Sewer    | Entered a sewer
  2381 | Sewer    | Noticed Pargi
  2385 | Sewer    | Killed Pargi
  2386 | Sewer    | Gained mutation: A meltable shield of frost defends you.
                  | (SH +4) [demonic ancestry]
  2386 | Sewer    | Reached XP level 6. HP: 41/47 MP: 6/6
  2606 | D:3      | Noticed Grinder
  2620 | D:3      | Slain by Grinder

Illustrated notes

Levels and vault maps discovered:
D:1:      minmay_arrival_widening_spiral_narrow, layout_loops_ring,
          chequers_decorated_corner, chequers_serial_rivers_micro_b
D:2:      layout_basic, hellmonk_ecumenical_altar_lost_god, minmay_pentomino_s4
D:3:      wad_pebble_path, layout_basic, serial_rivers,
          chequers_serial_rivers_small_b, chequers_serial_rivers_micro_d,
          chequers_serial_rivers_micro_d, chequers_serial_rivers_micro_e,
          chequers_serial_rivers_small_a, chequers_serial_rivers_marsh,
          cheibrodos_sewer_entry_sluice, uniq_grinder, uniq_jessica,
          uniq_terence

Skill      XL: |  1  2  3  4  5 |
---------------+----------------+-----
Throwing       | 2 3 |  3.0
Axes           | 3 |  3.6
Armour         | 1 2 |  2.2
Dodging        | 3 |  3.6
Fighting       | 3 |  3.3

Action                   |  1- 3 |  4- 6 || total
-------------------------+-------+-------++-------
Melee: War axe           |    86 |       ||    86
       Falchion          |     3 |    41 ||    44
       Kick              |       |    10 ||    10
Armor: Leather armour    |    14 |       ||    14
       Ring mail         |    15 |    18 ||    33
Dodge: Dodged            |    51 |    36 ||    87
Block: Other             |       |     2 ||     2

Table legend: (Time is in decaauts)
 A = Elapsed time spent in this place.
 B = Non-inter-level travel time spent in this place.
 C = Inter-level travel time spent in this place.
 D = Time resting spent in this place.
 E = Time spent auto-exploring this place.
 F = Levels seen in this place.
 G = Mean time per level.
                   A        B        C        D        E       F      G
               +--------+--------+--------+--------+--------+-----+--------+
         Total |   2674 |   2629 |     45 |    102 |   2042 |   4 |  668.5 |
       Dungeon |   2381 |   2336 |     45 |    102 |   1790 |   3 |  793.7 |
         Sewer |    292 |    292 |      0 |      0 |    252 |   1 |  292.0 |
               +--------+--------+--------+--------+--------+-----+--------+

Top non-repeatable levels by time:
     D:1: 1304 daAuts
     D:2: 860 daAuts
   Sewer: 292 daAuts
     D:3: 216 daAuts
